General information
- name: BNet
- type: Ladder team game (AT/RT)
- host: Battle.net
- saver: miguelitito
map: Duskwood
- players: 4
- length: 56:20
- speed: Fast
- version: 1.26 W3XP
- replay type: Public
» download(243 KB)
Players
team 1 (winner)

»
hotspurs (
blue | 48 APM | 2696 actions | 56:20)
7 Tauren Chieftain
3 War Stomp
3 Endurance Aura
1 Reincarnation
6 Shadow Hunter
2 Hex
3 Healing Wave
1 Big Bad Voodoo
» actions
| Build / train | 130 | |
| Enter build submenu | 64 | |
| Enter hero's abilities submenu | 13 | |
| Give item / drop item | 3 | |
| Remove unit from queue | 2 | |
| Right click | 1626 | |
| Select / deselect | 656 | |
| Use ability | 202 | |
2696 total
» units
| Peon | 23 | |
| Grunt | 2 | |
| Troll Headhunter/Berserker | 21 | |
| Raider | 12 | |
| Shaman | 9 | |
| Demolisher | 4 | |
| Tauren | 6 | |
77 total
» upgrades
| Ensnare | 1 | |
| Shaman Training | 2 | |
| Troll Regeneration | 1 | |
| Berserker Upgrade | 1 | |
| Burning Oil | 1 | |
| Melee Weapons | 1 | |
| Ranged Weapons | 2 | |
| Reinforced Defenses | 1 | |
| Spiked Barricades | 1 | |
| Pulverize | 1 | |
12 total
» buildings
| Altar of Storms | 1 | |
| Orc Burrow | 7 | |
| Voodoo Lounge | 1 | |
| Barracks | 1 | |
| War Mill | 2 | |
| Stronghold | 3 | |
| Beastiary | 1 | |
| Spirit Lodge | 1 | |
| Fortress | 1 | |
| Watch Tower | 39 | |
| Great Hall | 3 | |
| Tauren Totem | 2 | |
62 total
» build order
00:05 Altar of Storms
00:09 Orc Burrow
00:56 Voodoo Lounge
01:27 Barracks
01:37 War Mill
01:53 Orc Burrow
03:26 Stronghold
04:30 Orc Burrow
06:43 Beastiary
06:47 Spirit Lodge
07:24 Fortress
11:08 Watch Tower
11:28 Orc Burrow
12:40 Great Hall
12:43 Orc Burrow
13:39 Orc Burrow
14:59 Orc Burrow
16:21 Watch Tower
16:26 Watch Tower
17:05 Watch Tower
17:58 Watch Tower
18:47 Watch Tower
19:16 Watch Tower
20:23 Watch Tower
20:26 Watch Tower
21:42 Watch Tower
21:48 Great Hall
24:07 Watch Tower
24:09 Watch Tower
24:12 Watch Tower
24:27 Watch Tower
28:53 Watch Tower
29:00 Watch Tower
30:50 Watch Tower
30:53 Watch Tower
32:29 Watch Tower
32:32 Watch Tower
34:06 Watch Tower
34:10 Watch Tower
34:26 Tauren Totem
34:56 Tauren Totem
35:23 Watch Tower
35:27 Watch Tower
36:25 War Mill
36:59 Watch Tower
37:01 Watch Tower
39:14 Watch Tower
39:16 Watch Tower
41:05 Stronghold
41:51 Stronghold
43:09 Great Hall
43:11 Watch Tower
43:12 Watch Tower
43:15 Watch Tower
43:18 Watch Tower
43:22 Watch Tower
44:24 Watch Tower
44:28 Watch Tower
44:30 Watch Tower
44:34 Watch Tower
44:37 Watch Tower
45:11 Watch Tower
» items
| Healing Salve | 2 | |
| Boots of Speed | 1 | |
| Periapt of Vitality | 1 | |
| Scroll of Town Portal | 12 | |
| Orb of Lightning | 2 | |
| Potion of Mana | 1 | |
19 total
swoochi (
teal | 58 APM | 3242 actions | 56:20)
5 Paladin
2 Holy Light
1 Divine Shield
2 Devotion Aura
5 Archmage
1 Summon Water Elemental
3 Brilliance Aura
1 Blizzard
6 Mountain King
3 Storm Bolt
3 Bash
» actions
| Assign group hotkey | 47 | |
| Build / train | 198 | |
| Enter build submenu | 38 | |
| Enter hero's abilities submenu | 17 | |
| Remove unit from queue | 19 | |
| Right click | 845 | |
| Select / deselect | 817 | |
| Select group hotkey | 952 | |
| Use ability | 309 | |
3242 total
» units
| Peasant | 47 | |
| Footman | 5 | |
| Rifleman | 13 | |
| Knight | 11 | |
| Mortar Team | 5 | |
| Siege Engine | 5 | |
86 total
» upgrades
| Plating | 3 | |
| Swords | 3 | |
| Masonry | 2 | |
| Lumber Harvesting | 2 | |
| Armor | 3 | |
| Gunpowder | 3 | |
| Long Rifles | 1 | |
| Animal War Training | 1 | |
| Fragmentation Shards | 1 | |
| Barrage | 1 | |
20 total
» buildings
| Altar of Kings | 1 | |
| Farm | 22 | |
| Barracks | 2 | |
| Keep | 1 | |
| Blacksmith | 1 | |
| Scout Tower | 56 | |
| Castle | 2 | |
| Lumber Mill | 1 | |
| Guard Tower | 17 | |
| Town Hall | 6 | |
| Arcane Tower | 7 | |
| Workshop | 1 | |
| Cannon Tower | 2 | |
119 total
» build order
00:20 Altar of Kings
00:35 Farm
00:40 Barracks
01:05 Farm
01:06 Farm
01:06 Farm
01:06 Farm
01:07 Farm
01:07 Farm
01:07 Farm
01:08 Farm
01:08 Farm
01:08 Farm
01:08 Farm
01:09 Farm
01:09 Farm
01:09 Farm
01:09 Farm
01:10 Farm
03:36 Keep
03:45 Blacksmith
05:50 Scout Tower
06:03 Castle
06:03 Castle
08:49 Lumber Mill
09:23 Scout Tower
10:06 Guard Tower
10:08 Scout Tower
10:09 Scout Tower
10:12 Town Hall
11:06 Guard Tower
11:08 Guard Tower
12:52 Town Hall
12:56 Scout Tower
15:05 Town Hall
15:09 Guard Tower
16:57 Scout Tower
17:05 Barracks
17:24 Guard Tower
17:24 Guard Tower
17:26 Scout Tower
17:51 Scout Tower
17:56 Guard Tower
17:58 Scout Tower
17:58 Scout Tower
17:59 Scout Tower
18:00 Scout Tower
18:00 Scout Tower
18:10 Arcane Tower
19:02 Guard Tower
19:10 Arcane Tower
19:15 Guard Tower
19:16 Guard Tower
19:36 Guard Tower
20:26 Scout Tower
20:26 Scout Tower
21:44 Guard Tower
22:51 Scout Tower
22:51 Scout Tower
22:51 Scout Tower
22:51 Scout Tower
22:52 Scout Tower
22:53 Scout Tower
24:32 Guard Tower
24:36 Scout Tower
24:36 Scout Tower
24:37 Scout Tower
25:12 Arcane Tower
26:07 Town Hall
26:54 Scout Tower
29:07 Scout Tower
29:08 Scout Tower
29:09 Scout Tower
29:09 Scout Tower
29:46 Scout Tower
29:47 Scout Tower
29:48 Scout Tower
29:49 Scout Tower
30:17 Guard Tower
30:55 Guard Tower
35:11 Arcane Tower
35:13 Arcane Tower
36:29 Farm
36:30 Farm
36:30 Farm
36:31 Farm
36:40 Scout Tower
36:40 Scout Tower
38:56 Guard Tower
38:59 Scout Tower
38:59 Scout Tower
39:16 Guard Tower
40:28 Scout Tower
40:28 Scout Tower
40:29 Scout Tower
40:30 Scout Tower
40:31 Scout Tower
40:31 Scout Tower
40:32 Scout Tower
40:32 Scout Tower
40:33 Scout Tower
40:34 Scout Tower
40:35 Scout Tower
40:35 Scout Tower
41:53 Guard Tower
42:08 Guard Tower
42:11 Scout Tower
42:11 Scout Tower
42:14 Scout Tower
42:14 Scout Tower
42:15 Scout Tower
42:39 Guard Tower
43:14 Workshop
43:17 Guard Tower
43:20 Town Hall
43:48 Arcane Tower
44:08 Arcane Tower
44:38 Town Hall
44:57 Scout Tower
44:58 Scout Tower
46:40 Cannon Tower
49:31 Cannon Tower
» items
| Scroll of Town Portal | 6 | |
| Healing Salve | 5 | |
| Scroll of Speed | 1 | |
| Scroll of Protection | 3 | |
| Scroll of Healing | 6 | |
21 total
team 2 (loser)
miguelitito (
purple | 74 APM | 4178 actions | 56:20)
9 Blademaster
3 Wind Walk
3 Critical Strike
1 Bladestorm
2 Mirror Image
» actions
| Assign group hotkey | 32 | |
| Basic commands | 9 | |
| Build / train | 109 | |
| Enter build submenu | 49 | |
| Enter hero's abilities submenu | 9 | |
| Give item / drop item | 19 | |
| Remove unit from queue | 5 | |
| Right click | 3129 | |
| Select / deselect | 431 | |
| Select group hotkey | 105 | |
| Use ability | 279 | |
4178 total
» units
| Peon | 21 | |
| Troll Batrider | 22 | |
| Raider | 7 | |
| Satyr Shadowdancer | 1 | |
| Furbolg Shaman | 1 | |
| Thunder Lizard | 1 | |
53 total
» upgrades
| Armor | 2 | |
| Liquid Fire | 1 | |
| Ranged Weapons | 1 | |
| Ensnare | 1 | |
| Pillage | 1 | |
| Reinforced Defenses | 1 | |
7 total
» buildings
| Altar of Storms | 1 | |
| Orc Burrow | 5 | |
| War Mill | 1 | |
| Voodoo Lounge | 1 | |
| Watch Tower | 31 | |
| Stronghold | 2 | |
| Great Hall | 2 | |
| Beastiary | 2 | |
| Fortress | 2 | |
47 total
» build order
00:06 Altar of Storms
00:09 Orc Burrow
00:47 War Mill
01:42 Voodoo Lounge
02:14 Watch Tower
02:18 Orc Burrow
02:27 Watch Tower
03:05 Watch Tower
03:30 Watch Tower
03:48 Watch Tower
04:13 Watch Tower
04:23 Orc Burrow
04:44 Watch Tower
05:48 Watch Tower
05:50 Watch Tower
05:53 Watch Tower
06:16 Orc Burrow
06:32 Stronghold
06:33 Stronghold
08:51 Watch Tower
08:53 Watch Tower
09:26 Great Hall
09:33 Beastiary
09:36 Beastiary
09:42 Watch Tower
09:44 Watch Tower
11:47 Watch Tower
11:50 Watch Tower
12:43 Orc Burrow
13:30 Fortress
13:30 Fortress
20:27 Watch Tower
20:28 Watch Tower
23:27 Great Hall
24:29 Watch Tower
24:32 Watch Tower
24:36 Watch Tower
24:39 Watch Tower
25:37 Watch Tower
28:55 Watch Tower
32:12 Watch Tower
32:13 Watch Tower
32:19 Watch Tower
32:20 Watch Tower
32:21 Watch Tower
32:40 Watch Tower
34:23 Watch Tower
» items
| Boots of Speed | 1 | |
| Circlet of Nobility | 1 | |
| Periapt of Vitality | 1 | |
| Staff of Teleportation | 4 | |
| Healing Salve | 4 | |
| Lesser Clarity Potion | 4 | |
| Potion of Mana | 8 | |
| Orb of Lightning | 1 | |
| Potion of Healing | 1 | |
25 total
Gavrilov89 (
yellow | 59 APM | 3309 actions | 56:20)
6 Far Seer
2 Feral Spirit
3 Chain Lighting
1 Earth Quake
7 Tauren Chieftain
3 Shockwave
3 Endurance Aura
1 Reincarnation
» actions
| Assign group hotkey | 68 | |
| Basic commands | 187 | |
| Build / train | 105 | |
| ESC pressed | 2 | |
| Enter build submenu | 32 | |
| Enter hero's abilities submenu | 13 | |
| Give item / drop item | 1 | |
| Remove unit from queue | 4 | |
| Right click | 1049 | |
| Select / deselect | 656 | |
| Select group hotkey | 962 | |
| Use ability | 230 | |
3309 total
» units
| Peon | 16 | |
| Grunt | 4 | |
| Raider | 12 | |
| Troll Witch Doctor | 16 | |
| Troll Batrider | 12 | |
60 total
» upgrades
| Spiked Barricades | 3 | |
| Pillage | 1 | |
| Ensnare | 1 | |
| Witch Doctor Training | 2 | |
| Armor | 3 | |
| Reinforced Defenses | 1 | |
| Liquid Fire | 1 | |
12 total
» buildings
| Altar of Storms | 1 | |
| Orc Burrow | 6 | |
| Barracks | 1 | |
| War Mill | 2 | |
| Voodoo Lounge | 1 | |
| Stronghold | 1 | |
| Watch Tower | 16 | |
| Beastiary | 2 | |
| Fortress | 1 | |
| Spirit Lodge | 1 | |
| Great Hall | 2 | |
34 total
» build order
00:12 Altar of Storms
00:23 Orc Burrow
00:53 Barracks
01:35 Orc Burrow
02:05 War Mill
02:47 Voodoo Lounge
03:26 Stronghold
03:41 Watch Tower
03:46 Watch Tower
04:21 Orc Burrow
05:55 Beastiary
06:03 Orc Burrow
06:50 Fortress
07:25 Spirit Lodge
08:54 Orc Burrow
10:36 Beastiary
10:57 Orc Burrow
17:26 Watch Tower
17:28 Watch Tower
19:13 Great Hall
20:44 Watch Tower
20:46 Watch Tower
23:54 Watch Tower
23:55 Watch Tower
24:06 Great Hall
24:11 Watch Tower
24:52 Watch Tower
26:18 Watch Tower
35:54 War Mill
36:40 Watch Tower
36:44 Watch Tower
36:47 Watch Tower
36:51 Watch Tower
36:54 Watch Tower
» items
| Healing Salve | 3 | |
| Lesser Clarity Potion | 4 | |
| Scroll of Speed | 2 | |
| Scroll of Town Portal | 1 | |
| Tiny Great Hall | 1 | |
| Boots of Speed | 1 | |
| Potion of Lesser Invulnerability | 1 | |
13 total
Chat log
(00:12 / Allies) miguelitito: hi
(03:54 / Allies) miguelitito: GET OUT
(03:57 / Allies) miguelitito: EY GET OUT
(04:08 / Allies) miguelitito: IS MY FARM
(14:33 / Allies) Gavrilov89: bb
(20:17 / Allies) Gavrilov89: fnx
(24:53 / Allies) miguelitito: ey
(24:55 / Allies) miguelitito: DONT PICK MY ITEMS
(35:14 / Allies) Gavrilov89: unit?
(41:53 / Allies) miguelitito: im without gold man
(43:09 / Allies) miguelitito: giveme gold ?
(46:17 / Allies) miguelitito: please
(46:22 / Allies) miguelitito: giveme all ur gold
(46:31 / Allies) miguelitito: NOW
(46:37 / Allies) miguelitito: giveme gold retard
(47:36 / Allies) miguelitito: man i need 300 gold u listen ?
(52:05 / Allies) miguelitito: caputure
(52:08 / Allies) miguelitito: caputure
(54:35 / Allies) miguelitito: you should take that mine before retard
(55:23 / Allies) miguelitito: GIVEME GOLD TO BUY PORTABLE BASe
(55:36 / Allies) miguelitito: FAST